 Dungeon Crawl Stone Soup version 0.31-a0-460-g9e667d4245 (webtiles) character file.

Game seed: 9947462502073750831

552 MisterAzrael the Carver (level 7, -1/58 HPs)
             Began as a Minotaur Fighter on Aug 4, 2023.
             Killed from afar by an orc wizard (2 damage)
             ... with a puff of flame
             ... on level 5 of the Dungeon.
             The game lasted 00:05:32 (3638 turns).

MisterAzrael the Carver (Minotaur Fighter)          Turns: 3638, Time: 00:05:32

Health: -1/58      AC:  7    Str: 23    XL:     7   Next: 8%
Magic:  6/6        EV:  9    Int:  5    God:
Gold:   1092       SH:  4    Dex:  9    Spells: 6/6 levels left

rFire   + . .        a - +0 long sword
rCold   . . .        c - +0 buckler
rNeg    . . .        b - +0 scale mail
rPois   .            (helmet restricted)
rElec   .            (no cloak)
rCorr   .            (no gloves)
SInv    .            (no boots)
Will    .....        (no amulet) Stlth
                     d - ring of protection from fire
HPRegen 0.29/turn    (no ring)
MPRegen 0.10/turn

%: no passive effects
@: mighty
A: horns 2, retaliatory headbutt
a: no special abilities


You were on level 5 of the Dungeon.
You visited 1 branch of the dungeon, and saw 5 of its levels.
You also visited: Sewer.

You collected 1092 gold pieces.

Inventory:

Hand Weapons
 a - a +0 long sword (weapon)
 j - a +2 whip of pain
 p - a +2 quarterstaff of chaos
Missiles
 o - 10 poisoned darts
Armour
 b - a +0 scale mail (worn)
 c - a +0 buckler (worn)
Jewellery
 d - a ring of protection from fire (left hand)
Scrolls
 g - 2 scrolls of enchant armour
 h - 2 scrolls of vulnerability {unknown}
 i - 3 scrolls of teleportation
 k - 3 scrolls of torment
 l - a scroll of amnesia {unknown}
 m - 2 scrolls of enchant weapon {unknown}
 q - a scroll of brand weapon {unknown}
 t - a scroll of fear {unknown}
Potions
 n - a potion of ambrosia {unknown}
 r - a potion of might
 s - a potion of resistance {unknown}


   Skills:
 - Level 3.7 Fighting
 * Level 8.4 Long Blades
 - Level 2.4 Maces & Flails
 + Level 1.7 Throwing
 - Level 3.7 Armour
 - Level 3.7 Shields


You had 6 spell levels left.
You didn't know any spells.
Your spell library was empty.

Dungeon Overview and Level Annotations

Branches:
Dungeon (5/15)              Sewer (visited)
 Temple: D:4-7

Altars:
Gozag
Hepliaklqana
Kikubaaqudgha
Sif Muna
Uskayaw
Xom
The Shining One

Shops:
D:3 (

Annotations:
D:4 Pikel


Innate Abilities, Weirdness & Mutations

You have a pair of horns on your head.
You reflexively headbutt those who attack you in melee.


Message History

The orc warrior barely misses you. You furiously retaliate!
You headbutt the orc warrior!
You kill the orc warrior!
You block the gnoll's attack.
You have reached level 7!
Okay, then.
You hit the gnoll.
You kill the gnoll!
You hear some strange, mumbled words.
You are confused.
You miss something. Your headbutt misses something.
Something hits you but does no damage.
The shadow imp hits you but does no damage.
The shadow imp attacks as you move away!
The shadow imp closely misses you.
You barely miss something. Something hits you but does no damage.
You barely miss something. Something hits you but does no damage.
You bump into the rock wall.
Something hits you but does no damage.
You hear some strange, mumbled words.
A puff of flame appears from out of thin air!
The puff of flame hits something.
You bump into the translucent rock wall.
You completely miss something. Something hits you but does no damage.
Something hits you.
* * * LOW HITPOINT WARNING * * *
You feel less confused.
You hear some strange, mumbled words.
Something tries to affect you, but you resist.
Something hits you but does no damage. Something hits you.
* * * LOW HITPOINT WARNING * * *
You hear some strange, mumbled words.
A puff of flame appears from out of thin air!
The puff of flame hits you. You resist.
* * * LOW HITPOINT WARNING * * *
You hear some strange, mumbled words.
Something tries to affect you, but you resist.
You hear some strange, mumbled words.
A puff of flame appears from out of thin air!
The puff of flame hits you. You resist.
You die...

#.. #...~~~~~ #..##
#...~~~.~ .### ...#
#..~~~~~~
.....##>########..#~~~~~
.....{)))...........~~~~
##...####...#..#..~
#{5...###..........
#.#.#.......#####..
#.@?..##...## ##.
#..#.#.#.....#
#......##.<.##
#....#.....##
##.......### ###.#####
.# ..


You could see a shadow imp.

Vanquished Creatures
  An orc warrior (D:5)
  A kobold brigand (Sewer)
  2 hounds
  Crazy Yiuf (D:2)
  Jessica (D:3)
  Natasha (D:3)
  3 gnolls (D:5)
  7 adders
  5 river rats (Sewer)
  An ufetubus (D:5)
  A dart slug (D:1)
  A worm (D:5)
  8 orcs
  13 ball pythons
  8 bats
  7 endoplasms
  A giant cockroach (D:3)
  8 goblins
  6 hobgoblins
  7 jackals
  12 kobolds
  3 quokkas
  4 frilled lizards
  9 rats
111 creatures vanquished.

Notes
Turn   | Place    | Note
-------+----------+-------------------------------------------
     0 | D:1      | MisterAzrael the Minotaur Fighter began the quest for the
                  | Orb.
     0 | D:1      | Reached XP level 1. HP: 19/19 MP: 0/0
   128 | D:1      | Reached skill level 3 in Long Blades
   128 | D:1      | Reached XP level 2. HP: 25/27 MP: 1/1
   368 | D:1      | Reached skill level 4 in Long Blades
   368 | D:1      | Reached XP level 3. HP: 29/33 MP: 2/2
   452 | D:1      | Found a faded altar of an unknown god.
   880 | D:2      | Reached skill level 1 in Maces & Flails
  1006 | D:2      | Found a shimmering blue altar of Sif Muna.
  1442 | D:2      | Reached XP level 4. HP: 37/40 MP: 3/3
  1562 | D:2      | Found a runed translucent door.
  1563 | D:2      | Noticed Crazy Yiuf
  1745 | D:2      | Killed Crazy Yiuf
  1914 | D:3      | Reached skill level 5 in Long Blades
  2041 | D:3      | Found Meetiewk's Antique Weapon Boutique.
  2101 | D:3      | Noticed Natasha
  2110 | D:3      | Killed Natasha
  2111 | D:3      | Reached XP level 5. HP: 22/46 MP: 4/4
  2546 | D:3      | Noticed Jessica
  2553 | D:3      | Killed Jessica
  2554 | D:3      | Reached skill level 6 in Long Blades
  2614 | D:4      | Noticed a lemure
  2616 | D:4      | Noticed a lemure
  2705 | D:4      | Found a hide-covered altar of Uskayaw.
  2745 | D:4      | Found a hazy altar of Hepliaklqana.
  2746 | D:4      | Found a shimmering altar of Xom.
  2747 | D:4      | Noticed a spectral ugly thing
  2747 | D:4      | Noticed a yak
  2816 | D:4      | Found an ancient bone altar of Kikubaaqudgha.
  2816 | D:4      | Noticed a lemure
  2818 | D:4      | Found a glowing golden altar of the Shining One.
  2819 | D:4      | Found an opulent altar of Gozag.
  2819 | D:4      | Noticed Pikel
  2819 | D:4      | Noticed a lemure
  2831 | D:5      | Entered Level 5 of the Dungeon
  2855 | D:5      | Found a glowing drain.
  2885 | Sewer    | Entered a sewer
  2972 | Sewer    | Reached XP level 6. HP: 42/52 MP: 5/5
  3030 | Sewer    | Reached skill level 7 in Long Blades
  3573 | Sewer    | Identified a scroll of acquirement
  3573 | Sewer    | Acquired 904 gold pieces
  3613 | D:5      | Noticed an orc warrior
  3614 | D:5      | Reached skill level 8 in Long Blades
  3614 | D:5      | Reached skill level 1 in Throwing
  3627 | D:5      | Killed an orc warrior
  3628 | D:5      | Reached XP level 7. HP: 7/58 MP: 6/6
  3637 | D:5      | HP: 1/58 [something/puff of flame (3)]
  3638 | D:5      | Killed from afar by an orc wizard

Illustrated notes

Levels and vault maps discovered:
D:1:      saegor_arrival_under_anarchy, layout_basic,
          chequers_ecumenical_altar_simple, minmay_misc_feat_ornament,
          grunt_decor_junction
D:2:      layout_loops_cross, basic_altar, minmay_misc_feat_tower,
          corexii_corridor_pit, grunt_ministairs_14, uniq_crazy_yiuf_cottage
D:3:      layout_basic, serial_shops, nicolae_lakefront_shop, chequers_avenue,
          guppyfry_early_orc_mine, uniq_jessica, uniq_natasha
D:4:      layout_basic, regret_index_temple_of_mockery, old_standard_altar,
          kennysheep_mini, grunt_temple_overflow_open, minmay_misc_feat_tiny,
          kennysheep_cluttered_room, uniq_pikel
D:5:      layout_loops_ring, cheibrodos_sewer_entry_drain, serial_glass,
          glass_columns_a, glass_columns_a, minmay_manual_mail, uniq_duvessa

Skill      XL: |  1  2  3  4  5  6 |
---------------+-------------------+-----
Long Blades    | 3 4 5 6 8 |  8.4
Maces & Flails | 2 |  2.4
Throwing       | 1 |  1.7
Fighting       | |  3.7
Armour         | |  3.7
Shields        | |  3.7

Action                     |  1- 3 |  4- 6 |  7- 9 || total
---------------------------+-------+-------+-------++-------
  Melee: Long sword        |    59 |   180 |     5 ||   244
         Headbutt          |     9 |    19 |       ||    28
         Whip              |    42 |     6 |       ||    48
    Use: Potion            |       |     2 |       ||     2
         Scroll            |       |     4 |       ||     4
 Armour: Scale mail        |    40 |    78 |     7 ||   125
  Dodge: Dodged            |    42 |    92 |     1 ||   135
  Block: Buckler           |    23 |    44 |       ||    67

Table legend: (Time is in decaauts)
 A = Elapsed time spent in this place.
 B = Non-inter-level travel time spent in this place.
 C = Inter-level travel time spent in this place.
 D = Time resting spent in this place.
 E = Time spent auto-exploring this place.
 F = Levels seen in this place.
 G = Mean time per level.
                   A        B        C        D        E       F      G
               +--------+--------+--------+--------+--------+-----+--------+
         Total |   3812 |   3738 |     74 |    172 |   2816 |   6 |  635.3 |
       Dungeon |   2981 |   2907 |     74 |    172 |   2139 |   5 |  596.2 |
         Sewer |    830 |    830 |      0 |      0 |    677 |   1 |  830.0 |
               +--------+--------+--------+--------+--------+-----+--------+

Top non-repeatable levels by time:
     D:2: 1019 daAuts
     D:1: 874 daAuts
   Sewer: 830 daAuts
     D:3: 781 daAuts
     D:4: 182 daAuts
     D:5: 124 daAuts
